 Dungeon Crawl Stone Soup version 0.31.0-11-ge490571c62 (webtiles) character file.

Game seed: 2432260811152783005

110 qw the Skirmisher (level 4, -2/25 HPs)
             Began as a Deep Elf Hunter on Feb 4, 2024.
             Slain by a gnoll
             ... wielding a +0 flail
              (10 damage)
             ... on level 3 of the Dungeon.
             The game lasted 00:00:08 (2145 turns).

qw the Skirmisher (Deep Elf Hunter)                 Turns: 2145, Time: 00:00:09

Health: -2/25      AC:  8    Str: 10    XL:     4   Next: 61%
Magic:  6/6        EV: 11    Int: 14    God:
Gold:   202        SH:  0    Dex: 18    Spells: 3/3 levels left

rFire   . . .        a - +0 shortbow
rCold   . . .        (shield currently unavailable)
rNeg    . . .        h - +0 ring mail
rPois   .            (no helmet)
rElec   .            e - +1 cloak
rCorr   .            (no gloves)
SInv    .            l - +0 pair of boots
Will    .....        (no amulet)
Stlth   +            (no ring)
HPRegen 0.24/turn    (no ring)
MPRegen 0.10/turn

%: no passive effects
@: no status effects
A: no striking features
a: no special abilities


You were on level 3 of the Dungeon.
You visited 1 branch of the dungeon, and saw 3 of its levels.

You collected 232 gold pieces.
You spent 30 gold pieces at shops.


   Skills:
 - Level 1.5 Fighting
 + Level 8.0 Ranged Weapons
 - Level 2.4 Dodging
 - Level 1.2 Stealth


You had 3 spell levels left.
You didn't know any spells.
Your spell library was empty.

Inventory:

Hand Weapons
 a - a +0 shortbow (weapon)
Armour
 e - a +1 cloak (worn)
 h - a +0 ring mail (worn)
 l - a +0 pair of boots (worn)
Wands
 d - a wand of flame (17)
Scrolls
 c - a scroll of blinking {unknown}
Potions
 b - a potion of enlightenment {unknown}
 f - a potion of degeneration {unknown}
 g - a potion of mutation {unknown}
 i - a potion of magic {unknown}
 k - a potion of curing
 n - a potion of heal wounds

Dungeon Overview and Level Annotations

Branches:
Dungeon (3/15)

Altars:
Dithmenos

Shops:
D:1 !


Message History

You open the door. 4 gnolls come into view.
The gnoll shouts! x3
A hobgoblin comes into view.
The gnoll shouts!
You shoot an arrow. The arrow barely misses the gnoll.
The hobgoblin shouts!
You shoot an arrow. The arrow completely misses the gnoll.
You shoot an arrow. The arrow completely misses the gnoll.
The gnoll barely misses you.
You shoot an arrow.
The arrow hits the gnoll but does no damage.
The gnoll hits you from afar with a +0 halberd. x2
The gnoll hits you but does no damage.
You shoot an arrow. The arrow barely misses the gnoll.
The arrow hits the gnoll.
The gnoll is moderately wounded.
The gnoll misses you.
The gnoll hits you from afar with a +0 halberd!
The gnoll barely misses you. The gnoll closely misses you.
The gnoll barely misses you.
The gnoll hits you from afar with a +0 halberd.
2142 ||| DRINKING 2 potions of heal wounds.
You feel much better. The gnoll hits you with a +0 flail!
The gnoll hits you from afar with a +0 halberd.
The gnoll hits you but does no damage.
You shoot an arrow. The arrow hits the gnoll.
The gnoll is heavily wounded.
The gnoll barely misses you. x3
You shoot an arrow. The arrow hits the gnoll.
The gnoll is heavily wounded.
The gnoll hits you with a +0 flail. The gnoll misses you.
The gnoll barely misses you.
You shoot an arrow. The arrow closely misses the gnoll.
The arrow hits the gnoll!
The gnoll is almost dead.
The gnoll misses you.
The gnoll hits you from afar with a +0 halberd.
The gnoll hits you with a +0 flail!
You die...

#.# #.# #.#
#..........# #.# #.#
#.###.# #..........#
#.# #.# #...#.#
#....####### #.# #.
#.....# #.#### #.#
#.....# #.# ### #.#
#.....####.# .... #.#
#....(.....# .....
#.....#.#..##g.....
#.....#.#..@ggg....
........#...###g.....
####....###.# .....
#....# #.# ....
#....# #.# ... ...###
... ## #.. #. ####


You could see 4 gnolls and a hobgoblin.

Vanquished Creatures
  3 adders
  2 ribbon worms
  A dart slug (D:3)
  2 orcs (D:3)
  14 ball pythons
  4 bats
  5 endoplasms
  2 giant cockroaches (D:1)
  6 hobgoblins
  10 jackals
  7 kobolds
  3 quokkas
  5 frilled lizards (D:2)
  3 goblins
  6 rats
73 creatures vanquished.

Notes
Turn   | Place    | Note
-------+----------+-------------------------------------------
     0 | D:1      | qw the Deep Elf Hunter began the quest for the Orb.
     0 | D:1      | Reached XP level 1. HP: 12/12 MP: 3/3
     0 | D:1      | 0 ||| qw: Version: 0.3-a-160-g6735b56
     0 | D:1      | 0 ||| qw: Game counter: 5837
     0 | D:1      | 0 ||| qw: Melee chars always use a shield: true
     0 | D:1      | 0 ||| qw: God list: Okawaru
     0 | D:1      | 0 ||| qw: Allow faded altars: false
     0 | D:1      | 0 ||| qw: Do Orc after clearing Dungeon:15 true
     0 | D:1      | 0 ||| qw: Do second Lair branch before Depths: true
     0 | D:1      | 0 ||| qw: Lair rune preference: random
     0 | D:1      | 0 ||| qw: Goals: Normal
     0 | D:1      | 0 ||| PLANNING D:1-11
   127 | D:1      | Reached skill level 6 in Ranged Weapons
   127 | D:1      | Reached XP level 2. HP: 16/16 MP: 4/4
   553 | D:1      | Found Lexetz's Distillery.
   563 | D:1      | 563 ||| BUYING potion of curing (30 gold).
   563 | D:1      | Bought a potion of curing for 30 gold pieces
   563 | D:1      | 563 ||| SHOPLISTING potion of enlightenment (50 gold, have
                  | 34).
   563 | D:1      | 563 ||| SHOPLISTING potion of haste (100 gold, have 34).
   752 | D:1      | 752 ||| UPGRADING to +0 cloak.
   757 | D:1      | 757 ||| READING scroll labelled FIATSU MEWEU.
   757 | D:1      | 757 ||| ENCHANTING +0 cloak.
   758 | D:1      | 758 ||| READING scroll labelled KUEDYR COEDGH.
   859 | D:1      | 859 ||| READING scroll labelled QOINIZI CAECIEWO.
   860 | D:1      | 860 ||| DROPPING scroll of butterflies.
   892 | D:2      | Reached XP level 3. HP: 20/20 MP: 5/5
  1083 | D:2      | Reached skill level 7 in Ranged Weapons
  1496 | D:2      | 1496 ||| UPGRADING to +0 ring mail.
  1506 | D:2      | 1506 ||| DROPPING +0 leather armour.
  1507 | D:2      | 1507 ||| UPGRADING to +0 pair of boots.
  1512 | D:2      | 1512 ||| DROPPING +6 ring of intelligence.
  1513 | D:2      | 1513 ||| READING scroll labelled ESEPLA IMALITH.
  1514 | D:2      | 1514 ||| READING scroll labelled MEXZAAXENE.
  1515 | D:2      | 1515 ||| DRINKING 3 blue potions.
  1719 | D:3      | Found a shadowy altar of Dithmenos.
  1725 | D:3      | Reached XP level 4. HP: 25/25 MP: 6/6
  2067 | D:3      | Reached skill level 8 in Ranged Weapons
  2141 | D:3      | HP: 4/25 [gnoll/+0 halberd (3)]
  2142 | D:3      | 2142 ||| DRINKING 2 potions of heal wounds.
  2145 | D:3      | Slain by a gnoll

Levels and vault maps discovered:
D:1:      minmay_arrival_hallway, layout_loops_ring, serial_shops, shop
D:2:      layout_loops_ring, minmay_indecisive_spiral
D:3:      minmay_angry_zag, layout_basic, nicolae_dithmenos_shadow_blocks

Skill      XL: |  1  2  3  4 |
---------------+-------------+-----
Ranged Weapons | 6 7 8 |  8.0
Fighting       | |  1.5
Dodging        | |  2.4
Stealth        | |  1.2

Action                     |  1- 3 |  4- 6 || total
---------------------------+-------+-------++-------
   Fire: Shortbow          |   134 |    68 ||   202
    Use: Scroll            |     5 |       ||     5
         Potion            |     1 |     1 ||     2
 Armour: Leather armour    |    20 |       ||    20
         Ring mail         |     4 |    33 ||    37
  Dodge: Dodged            |    20 |    39 ||    59

Table legend:
 A = Non-vault XP
 B = Vault XP
 C = Vault XP percentage of total XP
 D = Non-vault monster count
 E = Vault monster count
 F = Vault count percentage of total count
                 A         B        C        D         E       F
            +---------+---------+-------+---------+---------+-------
      Total |     137 |      21 |  13.3 |      66 |       7 |   9.6
            +---------+---------+-------+---------+---------+-------
        D:1 |      37 |       0 |   0.0 |      25 |       0 |   0.0
        D:2 |      33 |      17 |  34.0 |      19 |       4 |  17.4
        D:3 |      67 |       4 |   5.6 |      22 |       3 |  12.0
            +---------+---------+-------+---------+---------+-------
